 Dungeon Crawl Stone Soup version 0.20-a0-1124-g2e29d97 (webtiles) character file.

44 Kikal the Ruffian (level 3, -6/29 HPs)
             Began as a Mummy Monk on May 15, 2017.
             Was a Believer of Yredelemnul.
             Killed from afar by Natasha (10 damage)
             ... with a wand of flame (?/48)
             ... on level 2 of the Dungeon.
             The game lasted 00:07:24 (1929 turns).

Kikal the Ruffian (Mummy Monk)                      Turns: 1929, Time: 00:07:24

Health: -6/29      AC:  3    Str: 15    XL:     3   Next: 39%
Magic:  3/3        EV: 13    Int:  9    God:    Yredelemnul [**....]
Gold:   113        SH:  0    Dex: 14    Spells: 2/2 levels left

rFire    x . .     SeeInvis .     - Unarmed
rCold    + . .     Gourm    .   (no shield)
rNeg     + + +     Faith    .   a - +0 robe
rPois    ∞         Spirit   .   (no helmet)
rElec    .         Reflect  .   (no cloak)
rCorr    .         Harm     .   (no gloves)
MR       .....                  g - +0 pair of boots
Stlth    ++........             (no amulet)
Regen    0.1/turn               (no ring)
MPRegen  0.1/turn               (no ring)

@: no status effects
A: no food or potions, fire vulnerability, cold resistance 1, negative energy
resistance 3, torment resistance, unbreathing
a: Animate Remains, Recall Undead Slaves, Injury Mirror, Renounce Religion


You were on level 2 of the Dungeon.
You worshipped Yredelemnul.
Yredelemnul was pleased with you.
You were not hungry.

You visited 1 branch of the dungeon, and saw 2 of its levels.

You collected 113 gold pieces.

Inventory:

Missiles
 b - 38 stones (quivered)
Armour
 a - a +0 robe (worn)
 g - a +0 pair of boots (worn)
 h - a +0 leather armour
Scrolls
 c - a scroll of enchant armour {unknown}
 d - a scroll of teleportation {unknown}
 e - 2 scrolls of remove curse {unknown}
 f - 2 scrolls of identify {unknown}


   Skills:
 - Level 3.0 Fighting
 - Level 2.4 Dodging
 - Level 1.5 Stealth
 + Level 3.6 Unarmed Combat


You had 2 spell levels left.
You didn't know any spells.

Dungeon Overview and Level Annotations

Branches:
Dungeon (2/15)

Altars:
Yredelemnul

Annotations:
D:2 Natasha


Innate Abilities, Weirdness & Mutations

You do not eat or drink.
Your flesh is vulnerable to fire.
You are immune to poison.
Your flesh is cold resistant. (rC+)
You are immune to negative energy. (rN+++)
You are immune to unholy pain and torment.
You can survive without breathing.


Message History

Natasha is moderately wounded.
Your ball python zombie bites Natasha but does no damage.
Your ball python zombie grabs Natasha.
Your ball python zombie constricts Natasha.
Natasha zaps a wand.
The puff of flame hits you! The fire burns you terribly!
* * * LOW HITPOINT WARNING * * *
You take 12 damage, and have 3/29 hp.
MASSIVE DAMAGE!!
You are too injured to fight recklessly!
You are too injured to fight recklessly!
You are too injured to fight recklessly!
You hit Natasha.
Natasha is moderately wounded.
The white imp barely misses you.
Your ball python zombie barely misses Natasha.
Your ball python zombie constricts Natasha.
You hit Natasha.
Natasha is heavily wounded.
Natasha zaps a wand.
The puff of flame hits you! The fire burns you terribly!
You die...
Yredelemnul claims you as an undead slave.

.####.....##...
##.##.###
#..##...#
##.#####.## #..#
#..# # ##.##
##.# . .##..#
###.########..#
.#..##
###............#
.#.##
#........@5###
#..#
#...#......Zh#
..## #.#
#............
.## .
#........####
#####.
#....(...#
......#
#........#
#######
#......... ##
#....%...## .#


You could see Natasha, a white imp and a friendly ball python zombie.

Vanquished Creatures
  An adder (D:2)
  An ooze (D:1)
  A leopard gecko (D:1)
  3 bats (D:1)
  A giant cockroach (D:1)
  5 goblins (D:1)
  2 hobgoblins (D:1)
  6 jackals (D:1)
  A ball python (D:2)
  A frilled lizard (D:1)
  3 kobolds (D:1)
  2 rats (D:2)
27 creatures vanquished.

Notes
Turn   | Place    | Note
-------+----------+-------------------------------------------
     0 | D:1      | Kikal the Mummy Monk began the quest for the Orb.
     0 | D:1      | Reached XP level 1. HP: 18/18 MP: 1/1
   431 | D:1      | Reached XP level 2. HP: 18/24 MP: 2/2
  1419 | D:1      | Reached XP level 3. HP: 29/29 MP: 3/3
  1662 | D:2      | Found a basalt altar of Yredelemnul.
  1817 | D:2      | Became a worshipper of Yredelemnul the Dark
  1817 | D:2      | Reached * piety under Yredelemnul
  1817 | D:2      | Reached ** piety under Yredelemnul
  1921 | D:2      | Noticed Natasha
  1929 | D:2      | Killed from afar by Natasha

Vault maps used:
D:1:      dpeg_arrival_water_temple_mockup
D:2:      grunt_temple_overflow_open, lemuel_blue_sif_altar,
          lemuel_crystal_altar, first_bread, minmay_tetromino_o2, uniq_natasha

Skill      XL: |  1  2 |
---------------+-------+-----
Unarmed Combat | 3 |  3.6
Fighting       | |  3.0
Dodging        | |  2.4
Stealth        | |  1.5

Action                   || total
-------------------------++-------
Melee: Unarmed           ||   107
       Punch             ||     2
Throw: Stone             ||    12
Invok: Animate Remains   ||     1
       Recall Undead Sla ||     1
 Stab: Sleeping          ||     1
Armor: Robe              ||    19
Dodge: Dodged            ||    67
